 Dungeon Crawl Stone Soup version 0.19-a0-1792-g28b16ba (webtiles) character file.

16 Amnesiac the Magician (level 2, 0/19 HPs)
             Began as a Mummy Wizard on Oct 5, 2016.
             Slain by a leopard gecko (5 damage)
             ... on level 3 of the Dungeon.
             The game lasted 00:02:14 (637 turns).

Amnesiac the Magician (Mummy Wizard)                 Turns: 637, Time: 00:02:14

Health: 0/19       AC:  2    Str: 10    XL:     2   Next: 37%
Magic:  0/6        EV: 12    Int: 17    God:
Gold:   23         SH:  0    Dex: 10    Spells: 2 memorised, 5 levels left

rFire  x . .     SeeInvis .     g - +1 trident (protect)
rCold  + . .     Gourm    .     a - +0 robe
rNeg   + + +     Faith    .     (no shield)
rPois  ∞         Spirit   .     b - +0 hat
rElec  .         Dismiss  .     (no cloak)
rCorr  .         Reflect  .     (no gloves)
MR     .....     Harm     .     (no boots)
Stlth  ++........               (no amulet)
                                (no ring)
                                (no ring)

@: very slightly contaminated
A: no food or potions, fire vulnerability, cold resistance 1, negative energy
resistance 3, torment resistance, unbreathing
a: no special abilities


You were on level 3 of the Dungeon.
You were not hungry.

You visited 1 branch of the dungeon, and saw 3 of its levels.

You collected 23 gold pieces.

Inventory:

Hand Weapons
 g - a +1 trident of protection (weapon)
Armour
 a - a +0 robe (worn)
 b - a +0 hat (worn)
Scrolls
 d - 2 scrolls of remove curse {unknown}
 e - a scroll of enchant weapon {unknown}
 f - 2 scrolls of identify {unknown}
Books
 c - a book of Minor Magic

   Spells                             Type                      Level
   a - Magic Dart                     Conjuration                  1
   b - Blink                          Translocation                2
   c - Call Imp                       Summoning                    2
   d - Repel Missiles                 Charms/Air                   2
   e - Slow                           Hexes                        2
   f - Conjure Flame                  Conjuration/Fire             3
   g - Mephitic Cloud                 Conjuration/Poison/Air       3


   Skills:
 - Level 1.5 Dodging
 - Level 1.5 Stealth
 + Level 3.6 Spellcasting
 - Level 1.0 Conjurations
 - Level 0.7 Summonings
   Level 0.7 Translocations


You had 5 spell levels left.
You knew the following spells:

 Your Spells              Type           Power        Failure   Level  Hunger
d - Call Imp              Summ           #.......     21%         2    N/A
f - Magic Dart            Conj           #...         14%         1    N/A

Dungeon Overview and Level Annotations

Branches:
Dungeon (3/15)

Altars:


Innate Abilities, Weirdness & Mutations

You do not eat or drink.
Your flesh is vulnerable to fire.
You are immune to poison.
Your flesh is cold resistant. (rC+)
You are immune to negative energy. (rN+++)
You are immune to unholy pain and torment.
You can survive without breathing.


Message History

The gnoll closely misses your crimson imp.
Your crimson imp barely misses the gnoll.
Your crimson imp blinks!
Found a scroll labeled ZEURCH AMEATENASUDD.
A leopard gecko comes into view.
Casting: Call Imp
Confirm with . or Enter, or press ? or * to list all spells.
A beastly little devil appears in a puff of frigid air.
The leopard gecko hisses angrily.
You swap places.
Your white imp hits the gnoll.
Your white imp freezes the gnoll.
An orc comes into view. It is wielding a mace of protection.
An orc comes into view.
Your white imp barely misses the gnoll.
Found a scroll labeled FOBBAE FUPTA.
The leopard gecko misses you.
Found 2 amethyst potions.
Found an escape hatch in the floor.
Found a stone staircase leading down.
The leopard gecko bites you.
You die...

..#...#†......#
#........##...#.....###
#>.........#........#
##..?.......#.#......#
............#.##....†###
....................5...
........................
........................
.......@g..............#
....o..l.........##....#
.!...o..?g..)...........
..........5......#####..
.>.#.............# ...
## ######........# ###
#........# ##########


You could see 2 gnolls, 2 orcs, a leopard gecko and a friendly white imp.

Vanquished Creatures
  A dart slug (D:1)
  2 orcs (D:3)
  4 goblins
  A hobgoblin (D:1)
  A frilled lizard (D:3)
  A kobold (D:3)
  2 rats
12 creatures vanquished.

Notes
Turn   | Place    | Note
-------+----------+-------------------------------------------
     0 | D:1      | Amnesiac the Mummy Wizard began the quest for the Orb.
     0 | D:1      | Reached XP level 1. HP: 13/13 MP: 4/4
     7 | D:1      | Reached skill level 1 in Conjurations
   321 | D:2      | Reached XP level 2. HP: 19/19 MP: 3/6
   325 | D:2      | Learned a level 2 spell: Call Imp
   637 | D:3      | Slain by a leopard gecko

Vault maps used:
D:1:      dpeg_arrival_oval
D:2:      first_bread, fedhas_altar_fruit_tree

Skill      XL: |  1 |
---------------+----+-----
Conjurations   | 1 |  1.0
Dodging        | |  1.5
Stealth        | |  1.5
Spellcasting   | |  3.6
Summonings     | |  0.7
Translocations | |  0.7

Action                   || total
-------------------------++-------
Melee: Unarmed           ||     2
       Trident           ||     4
 Cast: Magic Dart        ||    28
       Call Imp          ||     3
Armor: Robe              ||     2
Dodge: Dodged            ||     5
